MID
KANNAPOLIS INTIMIDATORS @ LANSING LUGNUTS
04/07/2045
 
TOP OF THE 1ST
Kannapolis Intimidators batting - Pitching for Lansing Lugnuts : LHP Tim Fried
Pitching: LHP Tim Fried
Batting: RHB Quint Doorn 0-0: Swinging Strike
0-1: Foul Ball, location: 2F
0-2: Foul Ball, location: 2F
0-2: Strikes out looking
Batting: RHB Mike Brickey 0-0: Ball
1-0: Ball
2-0: SINGLE (Line Drive, 7S, EV 99.4 MPH)
Batting: RHB Danny Bunn 0-0: Called Strike
0-1: Ball
1-1: DOUBLE (Line Drive, 5D, EV 109.4 MPH)
Mike Brickey to third
Runner from 3rd tries for Home, throw by LF and OUT! 7-2
Danny Bunn to third
Batting: RHB Justin Starnes 0-0: Ball
1-0: Called Strike
1-1: Ball
2-1: Called Strike
2-2: Strikes out looking
Top of the 1st over - 0 runs, 2 hits, 0 errors, 1 left on base; Kannapolis 0 - Lansing 0
BOTTOM OF THE 1ST
Lansing Lugnuts batting - Pitching for Kannapolis Intimidators : LHP Phil Peterson
Pitching: LHP Phil Peterson
Batting: RHB Laroya Foronda 0-0: Ball
1-0: Foul Ball, location: 2F
1-1: Ball
2-1: Ball
3-1: Foul Ball, location: 2F
3-2: Base on Balls
Batting: RHB Justin Powell 0-0: Ball
Wild Pitch!
Laroya Foronda to second
1-0: Ball
2-0: Called Strike
2-1: Reached on error, E6 (Groundball, 6, EV 77.5 MPH)
Laroya Foronda to third
Batting: LHB Aaron Caron 0-0: Ball
1-0: Ball
2-0: Called Strike
2-1: Ball
3-1: SINGLE (Line Drive, 56D, EV 102.5 MPH)
Laroya Foronda scores
Justin Powell to second
Batting: RHB Alfredo Colon 0-0: Ball
1-0: Ball
2-0: Called Strike
2-1: Fielders Choice at 2nd, 6-4 (Groundball, 6, EV 80.0 MPH)
Justin Powell to third
Batting: LHB Tony Vitela 0-0: Ball
Alfredo Colon steals 2nd base
1-0: Called Strike
1-1: Ball
2-1: Ball
3-1: Foul Ball, location: 2F
3-2: DOUBLE (Line Drive, 7LM, EV 105.6 MPH)
Justin Powell scores
Alfredo Colon scores
Batting: RHB Vinny Luna 0-0: Ball
1-0: Foul Ball, location: 2F
1-1: DOUBLE (Line Drive, 9LM, EV 104.4 MPH)
Tony Vitela scores
Batting: RHB Porter Welsh 0-0: Called Strike
0-1: Ball
1-1: Ball
2-1: Foul Ball, location: 2F
2-2: Foul Ball, location: 2F
2-2: Ball
3-2: Foul Ball, location: 2F
3-2: 2-RUN HOME RUN (Flyball, 78XD, EV 98.1 MPH), Distance : 397 ft
Batting: SHB Justin Veatch 0-0: Ball
1-0: Called Strike
1-1: Ball
2-1: Ball
3-1: DOUBLE (Groundball, 5L, EV 98.1 MPH)
Batting: RHB Nick Wicker 0-0: Ball
1-0: Ball
2-0: Ball
3-0: Base on Balls
Batting: RHB Laroya Foronda 0-0: Ball
1-0: Called Strike
Justin Veatch steals 3rd base (no throw)
Nick Wicker to second
1-1: Called Strike
1-2: Foul Ball, location: 2F
1-2: Foul Ball, location: 2F
1-2: Strikes out swinging
Batting: RHB Justin Powell 0-0: Called Strike
0-1: Foul Ball, location: 2F
0-2: Ball
Wild Pitch!
Justin Veatch scores
Nick Wicker to third
1-2: Ball
2-2: DOUBLE (Line Drive, 7LD, EV 103.8 MPH)
Nick Wicker scores
Pitching: LHP Ienari Kitahara
Batting: LHB Aaron Caron 0-0: Foul Ball, location: 2F
0-1: Foul Ball, location: 2F
0-2: Ground out 4-3 (Groundball, 4S, EV 73.8 MPH)
Bottom of the 1st over - 8 runs, 6 hits, 1 error, 1 left on base; Kannapolis 0 - Lansing 8
TOP OF THE 2ND
Kannapolis Intimidators batting - Pitching for Lansing Lugnuts : LHP Tim Fried
Batting: LHB Kevin Rolison 0-0: Called Strike
0-1: SINGLE (Groundball, 4MD, EV 96.9 MPH)
Batting: LHB Ray Walden 0-0: Called Strike
0-1: Called Strike
0-2: Strikes out looking
Batting: RHB To-wai Chou 0-0: Called Strike
0-1: Called Strike
0-2: Foul Ball, location: 2F
0-2: Ball
1-2: Foul Ball, location: 2F
1-2: Ball
2-2: Strikes out swinging
Batting: LHB Ryan Dyal 0-0: Ball
1-0: Called Strike
1-1: Foul Ball, location: 2F
1-2: Foul Ball, location: 2F
1-2: Foul Ball, location: 2F
1-2: Ground out 4-3 (Groundball, 4, EV 86.9 MPH)
Top of the 2nd over - 0 runs, 1 hit, 0 errors, 1 left on base; Kannapolis 0 - Lansing 8
BOTTOM OF THE 2ND
Lansing Lugnuts batting - Pitching for Kannapolis Intimidators : LHP Ienari Kitahara
Batting: RHB Alfredo Colon 0-0: Ball
1-0: Swinging Strike
1-1: Foul Ball, location: 2F
1-2: Foul Ball, location: 2F
1-2: Ground out 6-3 (Groundball, 6, EV 98.1 MPH)
Batting: LHB Tony Vitela 0-0: Ball
1-0: Swinging Strike
1-1: Ball
2-1: Reached on error, E6 (Groundball, 6, EV 84.4 MPH)
Batting: RHB Vinny Luna 0-0: Ball
1-0: Called Strike
1-1: Foul Ball, location: 2F
1-2: Ball
2-2: Ball
3-2: Foul Ball, location: 2F
3-2: Strikes out swinging
Batting: RHB Porter Welsh 0-0: Ball
1-0: Ball
2-0: Foul Ball, location: 2F
2-1: Foul Ball, location: 2F
2-2: Ball
Tony Vitela steals 2nd base (no throw)
3-2: Ground out 4-3 (Groundball, 4D, EV 81.2 MPH)
Bottom of the 2nd over - 0 runs, 0 hits, 1 error, 1 left on base; Kannapolis 0 - Lansing 8
TOP OF THE 3RD
Kannapolis Intimidators batting - Pitching for Lansing Lugnuts : LHP Tim Fried
Batting: RHB Colt Lester 0-0: Called Strike
0-1: Called Strike
0-2: Ball
1-2: Foul Ball, location: 2F
1-2: Strikes out swinging
Batting: RHB Quint Doorn 0-0: Ball
1-0: Ball
2-0: Ball
3-0: Called Strike
3-1: Ground out 6-3 (Groundball, 6MD, EV 79.4 MPH)
Batting: RHB Mike Brickey 0-0: Ball
1-0: Called Strike
1-1: Foul Ball, location: 2F
1-2: Strikes out swinging
Top of the 3rd over - 0 runs, 0 hits, 0 errors, 0 left on base; Kannapolis 0 - Lansing 8
BOTTOM OF THE 3RD
Lansing Lugnuts batting - Pitching for Kannapolis Intimidators : LHP Ienari Kitahara
Batting: SHB Justin Veatch 0-0: Fly out, F7 (Flyball, 7LD, EV 92.5 MPH)
Batting: RHB Nick Wicker 0-0: Ball
1-0: Hit by Pitch
Batting: RHB Laroya Foronda 0-0: Ball
1-0: Called Strike
1-1: Swinging Strike
1-2: Ball
2-2: Ball
3-2: Strikes out swinging
Batting: RHB Justin Powell 0-0: Ball
Nick Wicker steals 2nd base
1-0: Ball
2-0: Foul Ball, location: 2F
2-1: SINGLE (Flyball, 8LS, EV 90.6 MPH)
Nick Wicker to third
Throwing error, E8
Nick Wicker scores
Justin Powell to second
Batting: LHB Aaron Caron 0-0: Called Strike
0-1: Ball
1-1: Ball
2-1: Foul Ball, location: 2F
2-2: Strikes out swinging
Bottom of the 3rd over - 1 run, 1 hit, 1 error, 1 left on base; Kannapolis 0 - Lansing 9
TOP OF THE 4TH
Kannapolis Intimidators batting - Pitching for Lansing Lugnuts : LHP Tim Fried
Batting: RHB Danny Bunn 0-0: Called Strike
0-1: Swinging Strike
0-2: Ground out 5-3 (Groundball, 56D, EV 85.6 MPH)
Batting: RHB Justin Starnes 0-0: Called Strike
0-1: Ground out 4-3 (Groundball, 4D, EV 103.1 MPH)
Batting: LHB Kevin Rolison 0-0: Ball
1-0: Called Strike
1-1: Ball
2-1: Ball
3-1: Base on Balls
Batting: LHB Ray Walden 0-0: Called Strike
0-1: Fly out, F7 (Flyball, 7, EV 86.9 MPH)
Top of the 4th over - 0 runs, 0 hits, 0 errors, 1 left on base; Kannapolis 0 - Lansing 9
BOTTOM OF THE 4TH
Lansing Lugnuts batting - Pitching for Kannapolis Intimidators : LHP Ienari Kitahara
Batting: RHB Alfredo Colon 0-0: Ball
1-0: Foul Ball, location: 2F
1-1: Ball
2-1: Ball
3-1: Base on Balls
Pitching: RHP Tom Daniels
Batting: LHB Tony Vitela 0-0: Ball
1-0: SINGLE (Groundball, 4MD, EV 108.1 MPH)
Alfredo Colon to second
Batting: RHB Vinny Luna 0-0: Swinging Strike
0-1: Ball
1-1: Ball
2-1: Ball
3-1: Foul Ball, location: 2F
3-2: Strikes out swinging
Batting: RHB Porter Welsh 0-0: Fly out, F8 (Flyball, 8LXD, EV 100.0 MPH)
Runner from 2nd tags up, SAFE at 3rd, no throw by CF
Batting: SHB Justin Veatch 0-0: Ball
1-0: Ball
2-0: Called Strike
2-1: Called Strike
2-2: Foul Ball, location: 2F
2-2: Hit by Pitch
Tony Vitela to second
Batting: RHB Nick Wicker 0-0: Called Strike
0-1: Ball
1-1: Ball
2-1: Fly out, F4 (Popup, 4S, EV 61.2 MPH)
Bottom of the 4th over - 0 runs, 1 hit, 0 errors, 3 left on base; Kannapolis 0 - Lansing 9
TOP OF THE 5TH
Kannapolis Intimidators batting - Pitching for Lansing Lugnuts : LHP Tim Fried
Batting: RHB To-wai Chou 0-0: Ball
1-0: Called Strike
1-1: Called Strike
1-2: Strikes out swinging
Batting: LHB Ryan Dyal 0-0: Called Strike
0-1: Ball
1-1: Fly out, F7 (Flyball, 7D, EV 98.1 MPH)
Batting: RHB Colt Lester 0-0: Ball
1-0: Swinging Strike
1-1: Ball
2-1: Swinging Strike
2-2: Strikes out swinging
Top of the 5th over - 0 runs, 0 hits, 0 errors, 0 left on base; Kannapolis 0 - Lansing 9
BOTTOM OF THE 5TH
Lansing Lugnuts batting - Pitching for Kannapolis Intimidators : RHP Tom Daniels
Batting: RHB Laroya Foronda 0-0: Ball
1-0: Ball
2-0: Ball
3-0: Base on Balls
Batting: RHB Justin Powell 0-0: DOUBLE (Line Drive, 9LS, EV 102.5 MPH)
Laroya Foronda to third
Runner from 3rd tries for Home, SAFE, throw by RF to home
Batting: LHB Aaron Caron 0-0: Ball
1-0: Ball
2-0: Ball
3-0: Base on Balls
Batting: RHB Alfredo Colon 0-0: Foul Ball, location: 2F
0-1: Ball
1-1: Ball
2-1: Swinging Strike
2-2: Fielders Choice at 2nd, 4-6 (Groundball, 4M, EV 110.6 MPH)
Justin Powell to third
Batting: LHB Tony Vitela 0-0: Fielders Choice at 2nd, 5-4 (Groundball, 56S, EV 91.9 MPH)
Justin Powell scores
Batting: RHB Vinny Luna 0-0: Swinging Strike
0-1: Fly out, F5 (Line Drive, 5, EV 71.9 MPH)
Bottom of the 5th over - 2 runs, 1 hit, 0 errors, 1 left on base; Kannapolis 0 - Lansing 11
TOP OF THE 6TH
Kannapolis Intimidators batting - Pitching for Lansing Lugnuts : LHP Tim Fried
Batting: RHB Quint Doorn 0-0: Called Strike
0-1: DOUBLE (Groundball, 5L, EV 104.4 MPH)
Batting: RHB Mike Brickey 0-0: Ball
1-0: Ball
2-0: SINGLE (Line Drive, 56, EV 102.5 MPH)
Quint Doorn to third
Batting: RHB Danny Bunn 0-0: Ball
1-0: Fielders Choice at 2nd, 1-6 (Groundball, 23, EV 72.5 MPH)
Batting: RHB Justin Starnes 0-0: Called Strike
0-1: Ball
1-1: Fly out, F3 (Popup, 34, EV 78.1 MPH)
Batting: LHB Kevin Rolison 0-0: Called Strike
0-1: Foul Ball, location: 2F
0-2: Strikes out looking
Top of the 6th over - 0 runs, 2 hits, 0 errors, 2 left on base; Kannapolis 0 - Lansing 11
BOTTOM OF THE 6TH
Lansing Lugnuts batting - Pitching for Kannapolis Intimidators : RHP Tom Daniels
Batting: RHB Porter Welsh 0-0: Ball
1-0: Called Strike
1-1: Hit by Pitch
Pitching: LHP Juan Medrano
Batting: SHB Justin Veatch 0-0: Called Strike
0-1: Called Strike
0-2: SINGLE (Groundball, 56D, EV 102.5 MPH)
Porter Welsh to second
Batting: RHB Nick Wicker 0-0: Ball
1-0: Foul Ball, location: 2F
1-1: Called Strike
1-2: Ball
2-2: Foul Ball, location: 2F
2-2: Ball
3-2: Base on Balls
Porter Welsh to third
Justin Veatch to second
Batting: RHB Laroya Foronda 0-0: Foul Ball, location: 2F
0-1: Swinging Strike
0-2: Strikes out looking
Batting: RHB Justin Powell 0-0: Ball
1-0: Ball
2-0: Ball
3-0: DOUBLE (Line Drive, 5D, EV 97.5 MPH)
Porter Welsh scores
Justin Veatch scores
Nick Wicker to third
Batting: LHB Aaron Caron 0-0: Called Strike
0-1: Called Strike
0-2: Ball
1-2: Strikes out swinging
Batting: RHB Alfredo Colon 0-0: Foul Ball, location: 2F
0-1: Ball
1-1: Called Strike
1-2: Foul Ball, location: 2F
1-2: Foul Ball, location: 2F
1-2: SINGLE (Groundball, 4S, EV 67.5 MPH) (infield hit)
Nick Wicker scores
Justin Powell to third
Batting: LHB Tony Vitela 0-0: Ball
1-0: Ball
2-0: Fly out, F8 (Flyball, 8LXD, EV 92.5 MPH)
Bottom of the 6th over - 3 runs, 3 hits, 0 errors, 2 left on base; Kannapolis 0 - Lansing 14
TOP OF THE 7TH
Kannapolis Intimidators batting - Pitching for Lansing Lugnuts : LHP Tim Fried
Batting: LHB Ray Walden 0-0: Called Strike
0-1: Ball
1-1: Fly out, F7 (Flyball, 7S, EV 79.4 MPH)
Batting: RHB To-wai Chou 0-0: Foul Ball, location: 2F
0-1: Ball
1-1: Ground out 6-3 (Groundball, 6MS, EV 90.0 MPH)
Batting: LHB Ryan Dyal 0-0: Ball
1-0: Foul Ball, location: 2F
1-1: Called Strike
1-2: Strikes out looking
Top of the 7th over - 0 runs, 0 hits, 0 errors, 0 left on base; Kannapolis 0 - Lansing 14
BOTTOM OF THE 7TH
Lansing Lugnuts batting - Pitching for Kannapolis Intimidators : LHP Juan Medrano
Pitching: LHP Tom White
Batting: RHB Vinny Luna 0-0: Ball
1-0: Ball
2-0: Called Strike
2-1: Ball
3-1: Foul Ball, location: 2F
3-2: SINGLE (Groundball, 4D, EV 106.2 MPH)
Pinch Hitting: RHB Cesar Ortega 0-0: Swinging Strike
0-1: Called Strike
0-2: Foul Ball, location: 2F
0-2: Fly out, F8 (Line Drive, 8RD, EV 86.9 MPH)
Batting: SHB Justin Veatch 0-0: Foul Ball, location: 2F
0-1: Fielders Choice at 2nd, 4-6 (Groundball, 4M, EV 101.2 MPH)
Batting: RHB Nick Wicker 0-0: Swinging Strike
0-1: Called Strike
0-2: Foul Ball, location: 2F
0-2: Ball
1-2: Ball
2-2: Ball
3-2: Fly out, F9 (Flyball, 9LS, EV 88.8 MPH)
Bottom of the 7th over - 0 runs, 1 hit, 0 errors, 1 left on base; Kannapolis 0 - Lansing 14
TOP OF THE 8TH
Kannapolis Intimidators batting - Pitching for Lansing Lugnuts : LHP Tim Fried
Now at 2B: Cesar Ortega
Pinch Hitting: RHB Tony Saenz 0-0: Called Strike
0-1: Foul Ball, location: 2F
0-2: Strikes out looking
Batting: RHB Quint Doorn 0-0: Hit by Pitch
Pinch Hitting: RHB Harvey Harvey 0-0: Ball
1-0: Called Strike
1-1: Swinging Strike
1-2: Ball
2-2: Strikes out looking
Batting: RHB Danny Bunn 0-0: Foul Ball, location: 2F
0-1: Ground out 5-3 (Groundball, 56S, EV 89.4 MPH)
Top of the 8th over - 0 runs, 0 hits, 0 errors, 1 left on base; Kannapolis 0 - Lansing 14
BOTTOM OF THE 8TH
Lansing Lugnuts batting - Pitching for Kannapolis Intimidators : LHP Tom White
Now at 1B: Tony Arenas
Now at SS: Harvey Harvey
Batting: RHB Laroya Foronda 0-0: Foul Ball, location: 2F
0-1: Ball
1-1: Ball
2-1: Foul Ball, location: 2F
2-2: Foul Ball, location: 2F
2-2: Foul Ball, location: 2F
2-2: Foul Ball, location: 2F
2-2: Foul Ball, location: 2F
2-2: Ball
3-2: Base on Balls
Batting: RHB Justin Powell 0-0: Ball
1-0: Ball
2-0: Called Strike
2-1: Foul Ball, location: 2F
2-2: SINGLE (Flyball, 89S, EV 101.2 MPH)
Laroya Foronda to second
Batting: LHB Aaron Caron 0-0: Ball
1-0: Called Strike
1-1: Foul Ball, location: 2F
1-2: DOUBLE (Line Drive, 78M, EV 113.1 MPH)
Laroya Foronda scores
Justin Powell to third
Runner from 3rd tries for Home, SAFE, throw by LF to home
Batting: RHB Alfredo Colon 0-0: Ball
1-0: Ball
2-0: DOUBLE (Flyball, 78D, EV 104.4 MPH)
Aaron Caron scores
Pinch Hitting: LHB Jesus Prado 0-0: Ball
1-0: Ground out 1-3 (Groundball, 34S, EV 73.8 MPH)
Alfredo Colon to third
Batting: RHB Vinny Luna 0-0: Called Strike
0-1: Fly out, F3 (Popup, 3SF, EV 79.4 MPH)
Batting: RHB Cesar Ortega 0-0: Called Strike
0-1: Ball
1-1: Ball
2-1: 2-RUN HOME RUN (Flyball, 9LD, EV 91.9 MPH), Distance : 333 ft
Pitching: LHP Steven Wolf
Batting: SHB Justin Veatch 0-0: Ball
1-0: Called Strike
1-1: Foul Ball, location: 2F
1-2: Ball
2-2: Foul Ball, location: 2F
2-2: SINGLE (Flyball, 78M, EV 98.1 MPH)
Batting: RHB Nick Wicker 0-0: Called Strike
0-1: Ball
1-1: TRIPLE (Flyball, 89XD, EV 103.1 MPH)
Justin Veatch scores
Batting: RHB Laroya Foronda 0-0: Ball
1-0: Called Strike
1-1: Ball
2-1: Ground out 6-3 (Groundball, 6MD, EV 107.5 MPH)
Bottom of the 8th over - 6 runs, 6 hits, 0 errors, 1 left on base; Kannapolis 0 - Lansing 20
TOP OF THE 9TH
Kannapolis Intimidators batting - Pitching for Lansing Lugnuts : LHP Tim Fried
Pitching: RHP Ashton Klinger
Now at 1B: Jesus Prado
Batting: RHB Justin Starnes 0-0: Ground out 5-3 (Groundball, 56, EV 80.0 MPH)
Batting: LHB Kevin Rolison 0-0: Called Strike
0-1: Ball
1-1: Single, Error in OF, E8, batter to second base (Groundball, 4D, EV 100.0 MPH)
Batting: LHB Ray Walden 0-0: Ground out 3-1 (Groundball, 3L, EV 100.0 MPH)
Kevin Rolison to third
Pinch Hitting: LHB James Betron 0-0: Ball
1-0: Foul Ball, location: 2F
1-1: Called Strike
1-2: Foul Ball, location: 2F
1-2: Strikes out swinging
Top of the 9th over - 0 runs, 1 hit, 1 error, 1 left on base; Kannapolis 0 - Lansing 20
Wednesday, June 22nd , 2022 - OOTP Baseball 23.4 Build 64